Map: Abyssal Reef LE

Players

Cham - Winner!

  • Race: Zerg Zerg
  • Spawn Location: 5:00

Scarlett

  • Race: Protoss Protoss
  • Spawn Location: 11:00

Event: WCS Montreal 2017

VOD

Have the link to the VOD?

Description

Time

  • Played on: Sept. 8, 2017, 6:48 p.m.
  • Length: 9:48

All games in this series

Show
View Real Time Build Order
Export as new Build Order

Cham Zerg - Winner!

Build Orders: Pool First 

Get SALT Encoding   

  12  0:00  Drone  
  13  0:08  Drone  
  14  0:17  Overlord  
  14  0:37  Drone x2  
  14  0:38  Drone  
  17  0:52  Spawning Pool  
  17  0:53  Drone  
  17  1:04  Drone  
  18  1:21  Drone, Hatchery  
  18  1:25  Extractor  
  17  1:26  Drone  
  18  1:43  Hatchery  
  18  1:46  Drone  
  18  1:50  Zergling x2  
  19  1:56  Drone  
  20  2:01  Queen  
  20  2:08  Overlord  
  22  2:27  Drone x2  
  24  2:36  Queen  
  26  2:37  Queen  
  26  2:41  Metabolic Boost  
  28  2:44  Zergling x2  
  28  2:47  Zergling x2  
  30  2:52  Drone  
  30  2:56  Overlord  
  31  2:59  Drone  
  31  3:01  Drone  
  32  3:08  Spore Crawler  
  32  3:11  Drone x2  
  32  3:12  Drone  
  35  3:17  Queen  
  37  3:22  Zergling x4  
  37  3:26  Overlord  
  39  3:28  Drone  
  39  3:31  Drone  
  39  3:33  Drone  
  42  3:35  Drone  
  42  3:40  Overlord  
  42  3:41  Drone  
  44  3:43  Drone  
  44  3:45  Drone  
  44  3:46  Drone  
  47  3:49  Zergling x4  
  47  3:51  Drone  
  47  3:55  Overlord  
  50  3:57  Overlord  
  50  4:04  Queen, Drone  
  50  4:08  Overlord  
  52  4:11  Zergling x4  
  52  4:12  Zergling x2  
  52  4:14  Zergling x2  
  52  4:15  Zergling x2  
  57  4:18  Zergling x2  
  57  4:19  Zergling x4  
  59  4:24  Zergling x4  
  59  4:26  Zergling x4  
  59  4:27  Zergling x2  
  64  4:33  Zergling x4  
  64  4:34  Zergling x6  
  64  4:35  Zergling x2  
  70  4:42  Zergling x4  
  71  4:46  Zergling x2  
  71  4:54  Overlord  
  71  4:55  Overlord  
  71  4:56  Spore Crawler  
  71  4:57  Spore Crawler  
  71  4:59  Spore Crawler  
  67  5:01  Overlord x2  
  67  5:14  Drone x4  
  67  5:15  Drone  
  67  5:16  Drone x2  
  67  5:17  Drone x2  
  67  5:18  Drone x2  
  67  5:20  Drone  
  78  5:31  Drone x2  
  78  5:32  Drone x4  
  83  5:38  Overlord, Roach Warren  
  83  5:39  Extractor  
  83  5:41  Drone x2  
  82  5:43  Drone x2  
  82  5:50  Overlord  
  82  5:51  Queen  
  82  5:56  Queen  
  85  5:57  Drone x3  
  85  5:58  Drone  
  89  6:06  Drone  
  89  6:07  Drone x4  
  89  6:10  Overlord, Extractor x2  
  92  6:16  Overlord, Drone  
  92  6:17  Drone x2  
  92  6:18  Drone  
  96  6:23  Lair  
  96  6:27  Drone, Evolution Chamber  
  96  6:28  Drone x2  
  96  6:30  Drone  
  96  6:31  Roach x2  
  103  6:37  Roach x3  
  109  6:44  Roach x4  
  117  6:47  Roach x2  
  117  6:49  Roach  
  117  6:53  Overlord x2  
  123  7:03  Overlord x3  
  123  7:04  Roach x3  
  129  7:10  Overlord x2  
  129  7:13  Zerg Missile Weapons Level 1  
  129  7:16  Roach x3  
  129  7:18  Roach  
  137  7:29  Roach x5  
  145  7:31  Overlord  
  138  7:39  Glial Reconstitution  
  137  7:45  Extractor  
  137  7:46  Extractor  
  137  7:51  Ravager x3  
  138  7:52  Drone x2  
  138  7:53  Drone x4  
  138  7:54  Roach x4  
  138  7:55  Roach  
  138  7:57  Spore Crawler  
  153  8:00  Hatchery  
  153  8:03  Ravager  
  153  8:04  Zergling x6  
  157  8:07  Overlord x2  
  157  8:11  Ravager  
  157  8:12  Zergling x4  
  159  8:13  Zergling x8  
  159  8:16  Ravager  
  164  8:22  Zergling x2  
  164  8:25  Ravager  
  164  8:26  Ravager, Roach  
  168  8:31  Roach x2, Zergling x6  
  168  8:32  Zergling x4  
  177  8:36  Roach  
  173  8:42  Roach x2  
  173  8:46  Roach  
  169  8:54  Roach x4  
  161  9:03  Roach  
  161  9:05  Roach x3  
  161  9:06  Zergling x4  
  168  9:11  Spire  
  159  9:18  Drone x2  
  159  9:19  Drone x2  
Show
View Real Time Build Order
Export as new Build Order

Scarlett Protoss 

Build Orders: 1 Gate Expand, Phoenix Opening 

Get SALT Encoding   

  12  0:00  Probe (Chrono Boost)  
  13  0:11  Probe (Chrono Boost)  
  14  0:19  Pylon  
  14  0:22  Probe (Chrono Boost)  
  15  0:37  Probe (Chrono Boost)  
  15  0:40  Gateway  
  16  0:47  Probe (Chrono Boost)  
  16  0:49  Assimilator  
  17  0:58  Probe (Chrono Boost)  
  17  1:00  Pylon  
  18  1:08  Probe (Chrono Boost)  
  19  1:19  Probe (Chrono Boost)  
  20  1:28  Nexus  
  20  1:39  Cybernetics Core  
  20  1:41  Probe (Chrono Boost)  
  20  1:47  Assimilator  
  21  1:52  Probe (Chrono Boost)  
  22  1:57  Pylon  
  22  2:02  Probe (Chrono Boost)  
  23  2:15  Adept (Chrono Boost)  
  26  2:21  Probe  
  26  2:23  Stargate  
  26  2:32  Warp Gate  
  26  2:33  Probe (Chrono Boost)  
  27  2:39  Probe, Adept (Chrono Boost)  
  30  2:45  Probe  
  30  2:51  Probe (Chrono Boost)  
  31  2:57  Probe (Chrono Boost)  
  33  3:03  Probe (Chrono Boost)  
  34  3:08  Probe (Chrono Boost)  
  34  3:11  Probe (Chrono Boost)  
  34  3:12  Phoenix (Chrono Boost)  
  37  3:15  Adept  
  37  3:19  Probe  
  41  3:20  Pylon  
  41  3:22  Probe  
  42  3:29  Assimilator  
  42  3:31  Probe  
  42  3:32  Probe  
  45  3:34  Phoenix (Chrono Boost)  
  45  3:38  Gateway  
  46  3:42  Adept  
  46  3:45  Pylon  
  46  3:46  Probe  
  46  3:47  Probe  
  50  3:56  Phoenix (Chrono Boost)  
  50  3:58  Probe x2  
  54  4:10  Probe  
  54  4:15  Probe, Nexus  
  56  4:21  Pylon  
  56  4:22  Probe  
  57  4:25  Probe  
  57  4:29  Phoenix (Chrono Boost)  
  60  4:33  Assimilator  
  60  4:35  Probe  
  61  4:41  Probe  
  62  4:46  Pylon  
  62  4:48  Probe  
  62  4:50  Mothership Core  
  62  4:51  Phoenix (Chrono Boost)  
  64  4:54  Adept  
  64  4:55  Adept  
  64  5:00  Probe  
  64  5:03  Forge  
  64  5:06  Pylon  
  65  5:12  Pylon  
  65  5:13  Pylon  
  65  5:15  Robotics Facility  
  65  5:16  Robotics Facility  
  65  5:23  Phoenix (Chrono Boost)  
  67  5:35  Sentry x2  
  69  5:36  Protoss Ground Weapons Level 1 (Chrono Boost)  
  69  5:39  Probe  
  70  5:59  Sentry  
  70  6:00  Sentry  
  70  6:03  Immortal (Chrono Boost)  
  74  6:05  Gateway  
  74  6:06  Warp Prism (Chrono Boost), Gateway  
  80  6:22  Pylon  
  80  6:24  Pylon  
  80  6:29  Sentry  
  80  6:30  Adept  
  84  6:36  Immortal  
  84  6:41  Immortal  
  92  6:55  Robotics Bay  
  92  6:57  Nexus, Gateway  
  92  7:01  Pylon  
  92  7:03  Pylon  
  92  7:06  Pylon  
  92  7:08  Photon Cannon  
  92  7:10  Pylon  
  92  7:14  Observer (Chrono Boost), Twilight Council  
  93  7:23  Immortal (Chrono Boost)  
  93  7:29  Zealot x3  
  101  7:30  Zealot  
  99  7:39  Nexus  
  99  7:40  Colossus (Chrono Boost)  
  99  7:43  Pylon  
  99  7:45  Pylon  
  99  7:50  Pylon  
  105  7:58  Probe x2  
  105  8:02  Colossus  
  113  8:07  Photon Cannon  
  113  8:18  Probe x2  
  115  8:30  Stalker  
  115  8:31  Stalker  
  119  8:38  Stalker  
  121  8:46  Pylon  
  121  8:47  Pylon  
  117  8:52  Colossus  
  94  9:07  Zealot x4  
  91  9:21  Zealot  
  78  9:33  Zealot x2  
  78  9:35  Probe x2  
Tags
 
Add a new tag
Caveats
  • Supply blocks, unpowered buildings, or Contaminate may cause inaccurate times.
  • Supply counts are checked every 10 seconds.